 Dungeon Sprint DCSS version 0.29.1-15-g9cfb28693d (webtiles) character file.

Game seed: 14566346286136973089

11100000 Groucho the Intangible (level 27, -22/228 HPs)
             Began as a Djinni Warper on Apr 4, 2023.
             Was the Champion of Makhleb.
             Annihilated by a meat berserker
             ... wielding a +9 battleaxe
              (56 damage)
             ... in the Dungeon (Sprint VIII: "Arena of Blood").
             The game lasted 00:05:33 (111 turns).

Groucho the Intangible (Djinni Warper)               Turns: 111, Time: 00:05:33

Health: -22/228    AC:  6    Str: 10    XL:     27
Gold:   0          EV: 37    Int: 16    God:    Makhleb [******] SH:  0 Dex: 26

rFire   + + .      SeeInvis .   i - +∞ Axe of Woe
rCold   x . .      Faith    .   (shield currently unavailable)
rNeg    . . .      Spirit   .   b - +0 leather armour
rPois   ∞          Reflect  .   (no helmet)
rElec   .          Harm     .   (no cloak)
rCorr   .          Rampage  .   (no gloves)
Will    ++...      NoTele   +   (boots unavailable)
Stlth   ++++++++++              (no amulet)
HPRegen 0.48/turn               o - +250 ring of slaying
MPRegen 0.00/turn               (no ring)

@: flying, slowed, very slow
A: sickness immunity, fire resistance 2, cold vulnerability 1, float, innate
caster, HP casting, extra vitality 1
a: Renounce Religion, Minor Destruction, Lesser Servant of Makhleb, Major
Destruction, Greater Servant of Makhleb


You were in the Dungeon.
You worshipped Makhleb.
Makhleb was exalted by your worship.
You visited 1 branch

Inventory:

Hand Weapons
 a - a +0 hand axe
 i - the +∞ Axe of Woe (weapon)
   (You found it in the Dungeon)
Missiles
 d - 7 boomerangs of dispersal (quivered)
Armour
 b - a +0 leather armour (worn)
Jewellery
 j - a +30 ring of slaying
 k - a +100 ring of slaying
 l - a +200 ring of slaying
 m - a +200 ring of slaying
 n - a +200 ring of slaying
 o - a +250 ring of slaying (left hand)
Scrolls
 c - 2 scrolls of blinking
Potions
 e - a potion of curing
 f - a potion of heal wounds
 g - a potion of haste
 h - a potion of berserk rage


   Skills:
 O Level 27 Fighting
 O Level 27 Short Blades
 O Level 27 Long Blades
 O Level 27 Axes
 O Level 27 Maces & Flails
 O Level 27 Polearms
 O Level 27 Staves
 O Level 27 Ranged Weapons
 O Level 27 Throwing
 O Level 27 Armour
 O Level 27 Dodging
 O Level 27 Stealth
 O Level 27 Shields
 O Level 27 Unarmed Combat
 O Level 27 Spellcasting
 O Level 27 Invocations
 O Level 27 Evocations


You couldn't memorise any spells.
You knew the following spells:

 Your Spells              Type           Power      Damage    Failure   Level
a - Blink                 Tloc           100%       N/A       0%          2
b - Lesser Beckoning      Tloc           82%        N/A       0%          3
c - Gell's Gravitas       Tloc           82%        N/A       0%          3
d - Teleport Other        Tloc           82%        N/A       0%          3
e - Manifold Assault      Tloc           82%        N/A       0%          5
f - Summon Small Mammal   Summ           100%       N/A       0%          1
g - Searing Ray           Conj           100%       2d8       0%          2
h - Stone Arrow           Conj/Erth      100%       3d13      0%          3
i - Anguish               Hex/Necr       41%        N/A       0%          4
j - Fireball              Conj/Fire      41%        3d17      0%          5
k - Alistair's Intoxicat  Tmut/Pois      54%        N/A       0%          5
l - Summon Cactus Giant   Summ           41%        N/A       0%          6
m - Storm Form            Tmut/Air       41%        N/A       1%          7
n - Eringya's Noxious Bo  Tmut/Pois      41%        N/A       0%          6
o - Summon Horrible Thin  Summ           41%        N/A       1%          8
p - Ignition              Fire           41%        3d12      1%          8
q - Necromutation         Tmut/Necr      41%        N/A       1%          8
r - Death's Door          Necr           41%        N/A       2%          9
Your spell library was empty.

Dungeon Overview and Level Annotations

Branches:
Dungeon (1/1)

Altars:
Makhleb


Innate Abilities, Weirdness & Mutations

You are immune to sickness and miasma.
You are immune to poison.
Your flesh is very heat resistant. (rF++)
You are vulnerable to cold. (rC-)
You float through the air rather than walking.
You learn spells naturally, not from books.
Your magical power is your life essence.
You have superior vitality. (+4 MHP)


Message History

You feel better.
You are engulfed in blazing flames.
You resist.
You hear a shout! x2
The accursed gestures at you while chanting.
Something smites you!
You hear a shout! x2
A sculptor of flesh comes into view. It is wielding a +9 great sword.
You hear a shout!
The accursed is engulfed in blazing flames.
The accursed gestures at you while chanting.
Something smites you!
You hear a shout! x2
A bag of meat comes into view. It is wielding a +9 war axe.
An eight-headed meat hydra comes into view.
You hear a shout! x3; The eight-headed meat hydra roars!
Unknown command.
Press < or > to pray at altars.
You open the bag of meat like a pillowcase!!!!
You chop the bag of meat into pieces.
You kill the bag of meat!
Makhleb accepts your kill.
You feel better.
You are engulfed in blazing flames.
You resist.
You hear a shout! x2; You hear two shouts!
You hear a shout! x4
The dread calls on the powers of darkness!
The eight-headed meat hydra convulses!
The bag of meat convulses! x4
The meat berserker convulses!
Your body is wracked with pain!
The bag of meat convulses! x2
The accursed points at you and mumbles some strange words.
Something smites you!
* * * LOW HITPOINT WARNING * * *
You hear a shout! x3
The eight-headed meat hydra calls on the powers of darkness!
The eight-headed meat hydra convulses!
Your body is wracked with pain!
* * * LOW HITPOINT WARNING * * *
The meat berserker convulses!
The bag of meat convulses! x2
The meat berserker convulses!
The accursed is engulfed in blazing flames.
You hear a shout! x2
The meat berserker is engulfed in blazing flames.
The meat berserker hits you with a +9 battleaxe!!!
You die...

#.. .o.# o #..
...# . .O###..
...###..
...o...###.......
...o..))_........
#)))).# . #_)§§_#
. ...D#)§M))#oWDo
.....§)§@Oo.oz...
.......###oOo....
..###.. ...###M.
. #.. ...# . #z.
...# ... .....
.o.. ...o


You could see 2 accurseds, 2 eight-headed meat hydras, a sculptor of flesh, a
dread, 2 meat berserkers and 6 bags of meat.

Vanquished Creatures
  5 hell beasts (D)
  3 royal mummies (D)
  3 great orbs of eyes (D)
  A wraith (D)
  12 vampire knights (D)
  39 ogres (D)
  4 two-headed ogres (D)
  2 liches (D)
  4 hydras (D)
  A phantom (D)
  48 orcs (D)
  4 skeletal warriors (D)
126 creatures vanquished.

Notes
Turn   | Place    | Note
-------+----------+-------------------------------------------
     0 | D        | Found the +∞ Axe of Woe
     0 | D        | Groucho the Djinni Warper began the quest for the Orb.
     0 | D        | Groucho set off with the following spells memorised: Blink,
                  | Lesser Beckoning, Gell's Gravitas, Teleport Other, Manifold
                  | Assault.
     0 | D        | Reached XP level 1. HP: 18/18 MP: 0/0
     2 | D        | Noticed a bag of meat
     3 | D        | Noticed a bag of meat
     4 | D        | Became a worshipper of Makhleb the Destroyer
     4 | D        | Noticed a bag of meat
     5 | D        | Noticed a bag of meat
     7 | D        | Noticed a bag of meat
     7 | D        | Noticed a meat berserker
     8 | D        | Noticed a bag of meat
     8 | D        | Noticed a meat berserker
     8 | D        | Noticed a bag of meat
     8 | D        | Noticed a meat berserker
     9 | D        | Killed a bag of meat
     9 | D        | Noticed a meat berserker
    10 | D        | Reached skill level 15 in Axes
    10 | D        | Reached XP level 2. HP: 23/23 MP: 0/0
    10 | D        | Reached XP level 3. HP: 28/28 MP: 0/0
    10 | D        | Learned a level 1 spell: Summon Small Mammal
    10 | D        | Reached XP level 4. HP: 33/33 MP: 0/0
    10 | D        | Reached XP level 5. HP: 38/38 MP: 0/0
    10 | D        | Learned a level 2 spell: Searing Ray
    10 | D        | Reached XP level 6. HP: 43/43 MP: 0/0
    10 | D        | Reached XP level 7. HP: 49/49 MP: 0/0
    10 | D        | Learned a level 3 spell: Stone Arrow
    10 | D        | Reached XP level 8. HP: 54/54 MP: 0/0
    10 | D        | Reached XP level 9. HP: 58/58 MP: 0/0
    10 | D        | Learned a level 4 spell: Anguish
    10 | D        | Reached XP level 10. HP: 64/64 MP: 0/0
    10 | D        | Reached XP level 11. HP: 68/68 MP: 0/0
    10 | D        | Learned a level 5 spell: Fireball
    10 | D        | Noticed a bag of meat
    10 | D        | Killed a meat berserker
    10 | D        | Reached * piety under Makhleb
    10 | D        | Killed a bag of meat
    11 | D        | Reached XP level 12. HP: 74/74 MP: 0/0
    11 | D        | Reached XP level 13. HP: 78/78 MP: 0/0
    11 | D        | Learned a level 5 spell: Alistair's Intoxication
    11 | D        | Killed a bag of meat
    11 | D        | Killed a bag of meat
    11 | D        | Reached ** piety under Makhleb
    11 | D        | Killed a bag of meat
    11 | D        | Noticed a meat berserker
    12 | D        | Reached skill level 27 in Dodging
    12 | D        | Reached XP level 14. HP: 85/85 MP: 0/0
    12 | D        | Killed a meat berserker
    12 | D        | Killed a meat berserker
    12 | D        | Reached *** piety under Makhleb
    13 | D        | Reached skill level 27 in Axes
    13 | D        | Reached XP level 15. HP: 107/107 MP: 0/0
    13 | D        | Learned a level 6 spell: Summon Cactus Giant
    13 | D        | Noticed a meat berserker
    13 | D        | Noticed a meat berserker
    14 | D        | Killed a meat berserker
    14 | D        | Killed a meat berserker
    15 | D        | Reached skill level 15 in Fighting
    15 | D        | Reached skill level 15 in Armour
    15 | D        | Reached XP level 16. HP: 126/126 MP: 0/0
    15 | D        | Reached **** piety under Makhleb
    16 | D        | Reached XP level 17. HP: 135/135 MP: 0/0
    16 | D        | Learned a level 7 spell: Storm Form
    17 | D        | Killed a meat berserker
    17 | D        | Reached ***** piety under Makhleb
    17 | D        | Noticed a meat berserker
    18 | D        | Killed a meat berserker
    19 | D        | Reached XP level 18. HP: 64/154 MP: 0/0
    19 | D        | Noticed a meat berserker
    24 | D        | Killed a meat berserker
    25 | D        | Noticed a meat berserker
    25 | D        | Noticed a destroyer
    26 | D        | Killed a meat berserker
    27 | D        | Reached skill level 27 in Fighting
    27 | D        | Reached skill level 27 in Armour
    27 | D        | Reached XP level 19. HP: 147/174 MP: 0/0
    27 | D        | Learned a level 6 spell: Eringya's Noxious Bog
    27 | D        | Reached ****** piety under Makhleb
    28 | D        | Noticed a large bag of meat
    29 | D        | Noticed an eight-headed meat hydra
    29 | D        | Noticed a destroyer
    30 | D        | Noticed a sculptor of flesh
    30 | D        | Killed a meat berserker
    31 | D        | Reached XP level 20. HP: 181/181 MP: 0/0
    31 | D        | Noticed a destroyer
    32 | D        | Killed a nine-headed meat hydra
    33 | D        | Reached skill level 27 in Spellcasting
    33 | D        | Reached skill level 15 in Invocations
    34 | D        | Killed a destroyer
    35 | D        | Killed a large bag of meat
    36 | D        | Reached skill level 27 in Invocations
    36 | D        | Reached XP level 21. HP: 183/187 MP: 0/0
    36 | D        | Learned a level 8 spell: Summon Horrible Things
    36 | D        | Killed a destroyer
    37 | D        | Noticed a destroyer
    39 | D        | Killed a destroyer
    40 | D        | Reached skill level 27 in Unarmed Combat
    40 | D        | Reached skill level 1 in Short Blades
    40 | D        | Reached skill level 1 in Long Blades
    40 | D        | Reached skill level 1 in Maces & Flails
    40 | D        | Reached skill level 1 in Polearms
    40 | D        | Reached skill level 1 in Staves
    40 | D        | Reached skill level 1 in Ranged Weapons
    42 | D        | Noticed a meat berserker
    43 | D        | Noticed a meat berserker
    44 | D        | Reached skill level 5 in Short Blades
    44 | D        | Reached skill level 5 in Long Blades
    44 | D        | Reached skill level 5 in Staves
    44 | D        | Reached XP level 22. HP: 194/194 MP: 0/0
    44 | D        | Noticed a meat berserker
    45 | D        | Noticed a meat berserker
    46 | D        | Killed a destroyer
    49 | D        | Noticed a destroyer
    50 | D        | Killed a meat berserker
    50 | D        | Killed a meat berserker
    51 | D        | Reached skill level 10 in Maces & Flails
    51 | D        | Reached skill level 10 in Polearms
    51 | D        | Reached skill level 10 in Ranged Weapons
    51 | D        | Killed a meat berserker
    51 | D        | Noticed a large bag of meat
    52 | D        | Killed a meat berserker
    52 | D        | Noticed a meat berserker
    53 | D        | Reached XP level 23. HP: 148/201 MP: 0/0
    53 | D        | Learned a level 8 spell: Ignition
    56 | D        | Reached skill level 15 in Short Blades
    56 | D        | Reached skill level 15 in Long Blades
    56 | D        | Reached skill level 15 in Staves
    57 | D        | Killed a destroyer
    61 | D        | Noticed an accursed
    62 | D        | Reached XP level 24. HP: 208/208 MP: 0/0
    62 | D        | Killed a large bag of meat
    63 | D        | Noticed a large bag of meat
    65 | D        | Noticed a destroyer
    65 | D        | Noticed a large bag of meat
    65 | D        | Noticed a destroyer
    65 | D        | Noticed a destroyer
    65 | D        | Noticed a destroyer
    66 | D        | Noticed a meat beast
    68 | D        | Killed a destroyer
    69 | D        | Reached XP level 25. HP: 214/214 MP: 0/0
    69 | D        | Learned a level 8 spell: Necromutation
    69 | D        | Killed a destroyer
    69 | D        | Noticed an accursed
    69 | D        | Noticed a destroyer
    71 | D        | Killed a large bag of meat
    72 | D        | Reached XP level 26. HP: 196/221 MP: 0/0
    72 | D        | Killed a meat beast
    73 | D        | Reached skill level 27 in Short Blades
    73 | D        | Reached skill level 27 in Long Blades
    73 | D        | Reached skill level 27 in Staves
    74 | D        | Killed a destroyer
    75 | D        | Reached skill level 27 in Maces & Flails
    75 | D        | Reached skill level 27 in Polearms
    75 | D        | Reached skill level 27 in Ranged Weapons
    75 | D        | Reached XP level 27. HP: 228/228 MP: 0/0
    75 | D        | Learned a level 9 spell: Death's Door
    78 | D        | Killed a destroyer
    78 | D        | Noticed a tyrant
    79 | D        | Noticed a meat beast
    81 | D        | HP: 11/228 [accursed/divine providence (10)]
    82 | D        | Killed a meat beast
    84 | D        | Killed a destroyer
    85 | D        | Reached skill level 27 in Shields
    85 | D        | Reached skill level 27 in Evocations
    86 | D        | Noticed a meat beast
    86 | D        | Noticed a meat beast
    87 | D        | Reached skill level 27 in Throwing
    87 | D        | Killed a meat beast
    88 | D        | Reached skill level 27 in Stealth
    88 | D        | Noticed a destroyer
    91 | D        | Killed a destroyer
    91 | D        | Killed a meat beast
    93 | D        | Killed an accursed
    94 | D        | Noticed an accursed
    95 | D        | Noticed a tyrant
    95 | D        | Noticed a dread
    98 | D        | Noticed an accursed
   100 | D        | Killed a tyrant
   100 | D        | Killed an accursed
   100 | D        | Noticed a meat beast
   101 | D        | Noticed a destroyer
   101 | D        | Noticed a destroyer
   102 | D        | Killed a meat beast
   103 | D        | Killed a destroyer
   105 | D        | Killed a large bag of meat
   106 | D        | Killed an accursed
   106 | D        | Killed a dread
   108 | D        | Noticed a dread
   108 | D        | Noticed an accursed
   110 | D        | Killed a tyrant
   111 | D        | Annihilated by a meat berserker

Illustrated notes

Levels and vault maps discovered:
D:        meatsprint

Skill      XL: |  1  2  3  4  5  6  7  8  9 10 11 12 13 14 15 16 17 18 19 20 21 22 23 24 25 26 27 |
---------------+----------------------------------------------------------------------------------+-----
Axes           | 15 20 24 27 | 27.0
Dodging        | 19 25 27 | 27.0
Fighting       | 9 15 16 21 27 | 27.0
Armour         | 9 15 16 21 27 | 27.0
Spellcasting   | 7 12 13 17 22 26 27 | 27.0
Invocations    | 27 | 27.0
Unarmed Combat | 6 27 | 27.0
Short Blades   | 5 14 18 22 25 27 | 27.0
Long Blades    | 5 14 18 22 25 27 | 27.0
Maces & Flails | 4 13 17 20 23 27 | 27.0
Polearms       | 4 13 17 20 23 27 | 27.0
Staves         | 5 14 18 22 25 27 | 27.0
Ranged Weapons | 4 13 17 20 23 27 | 27.0
Throwing       | 8 27 | 27.0
Shields        | 9 27 | 27.0
Evocations     | 9 27 | 27.0
Stealth        | 27 | 27.0

Action                   |  1- 3 |  4- 6 |  7- 9 | 10-12 | 13-15 | 16-18 | 19-21 | 22-24 | 25-27 || total
-------------------------+-------+-------+-------+-------+-------+-------+-------+-------+-------++-------
Melee: Executioner's axe |     1 |       |       |     1 |     3 |     7 |    11 |    14 |    38 ||    75
Dodge: Dodged            |       |       |       |       |       |       |       |     1 |     4 ||     5
